 Dungeon Crawl Stone Soup version 0.12.2-22-g286eab9 (webtiles) character file.

4114 Gabry the Hoplite (level 9, -4/75 HPs)
             Began as a Minotaur Fighter on Aug 30, 2013.
             Was a Believer of Okawaru.
             Slain by a sky beast (6 damage)
             ... on Level 9 of the Dungeon.
             The game lasted 00:44:13 (8756 turns).

Gabry the Hoplite (Minotaur Fighter)                Turns: 8756, Time: 00:44:13

HP  -4/75        AC 12     Str 22      XL: 9   Next: 87%
MP   3/3         EV 18     Int  5      God: Okawaru [**....]
Gold 493         SH 13     Dex 14      Spells:  0 memorised,  8 levels left

Res.Fire  : . . .   See Invis. : .   k - +0,+3 morningstar (holy)
Res.Cold  : . . .   Warding    : .   i - +3 leather armour
Life Prot.: . . .   Conserve   : .   o - +0 buckler
Res.Poison: .       Res.Corr.  : .   (helmet restricted)
Res.Elec. : .       Clarity    : .   D - +0 dwarf cloak
Sust.Abil.: . .     Spirit.Shd : .   b - +2 pair of dwarf gloves {Dex+3}
Res.Mut.  : .       Stasis     : .   x - +0 pair of boots
Res.Rott. : .       Ctrl.Telep.: .   (no amulet)
Saprovore : . . .   Flight     : .   (no ring)
                                     (no ring)

@: about to teleport, slightly resistant to hostile enchantments, fairly
stealthy
A: retaliatory headbutt, horns 2, herbivore 1, EV +2, Dex -1
a: Heroism, Renounce Religion


You were on level 9 of the Dungeon.
You worshipped Okawaru.
Okawaru was most pleased with you.
You were not hungry.

You visited 2 branches of the dungeon, and saw 10 of its levels.

You collected 513 gold pieces.
You spent 40 gold pieces at shops.

Inventory:

Hand weapons
 a - a +1,+5 orcish glaive
 e - a cursed -1,+0 dagger (quivered)
 k - a +0,+3 morningstar of holy wrath (weapon)
 p - a +1,+2 dwarven hand axe of freezing
 s - a +4,+3 whip of electrocution
 w - a +1,+3 orcish dagger
Armour
 b - a +2 pair of dwarven gloves of dexterity (worn)
 c - a +1 shield
 d - a +0 pair of gauntlets
 h - a +0 chain mail of fire resistance
 i - a +3 leather armour (worn)
 o - a +0 buckler (worn)
 r - a +1 dwarven ring mail
 x - a +0 pair of boots (worn)
 D - a +0 dwarven cloak (worn)
Magical devices
 j - a wand of enslavement (8)
 m - a wand of slowing (11) {unknown}
 q - a wand of flame (8) {unknown}
Comestibles
 l - 2 bread rations
Scrolls
 f - a scroll of recharging {unknown}
 t - 3 scrolls of remove curse
 y - a scroll of teleportation
 C - a scroll of magic mapping
Potions
 g - 5 potions of curing


   Skills:
 + Level 6.4 Fighting
 + Level 7.2 Maces & Flails
 + Level 6.0 Armour
 + Level 8.5 Dodging
 + Level 2.0 Stealth
 + Level 0.3 Stabbing
 + Level 9.2 Shields
 + Level 1.8 Traps
 + Level 0.4 Evocations


You had 8 spell levels left.
You didn't know any spells.

Dungeon Overview and Level Annotations

Branches:
Dungeon (9/27)             Temple (1/1) D:6             Orc (0/4) D:8
   Lair: D:8-13

Altars:
Ashenzari
Cheibriados
Elyvilon
Fedhas
Kikubaaqudgha
Makhleb
Nemelex Xobeh
Okawaru
Sif Muna
Trog
Vehumet
Xom
Yredelemnul
Zin
the Shining One

Shops:
D:6: [

Annotations
D:6 exclusion: oklob plant
D:9 Gastronok, Joseph


Innate Abilities, Weirdness & Mutations

You reflexively headbutt those who attack you in melee.
You have a pair of horns on your head.
You are surrounded by a mild repulsion field (EV +2).
You are clumsy (Dex -1).
You digest meat inefficiently.


Message History

The centaur shoots an arrow.
The arrow hits you!
* * * LOW HITPOINT WARNING * * *
The centaur shoots an arrow.
You block the arrow.
You see here 2 arrows.
The centaur shoots an arrow.
The arrow hits something.
The centaur shoots an arrow.
The arrow misses you.
The centaur shoots an arrow.
The arrow hits something.
You see here an arrow.
Drink which item? (? for menu, Esc to quit)
You feel better. It hits you.
* * * LOW HITPOINT WARNING * * *
It shocks you!
* * * LOW HITPOINT WARNING * * *
The centaur shoots an arrow.
The arrow hits something.
Read which item? (? for menu, Esc to quit)
As you read the scroll of teleportation, it crumbles to dust.
You feel strangely unstable. It hits you.
* * * LOW HITPOINT WARNING * * *
It shocks you!
You die...

.##........................
.##...........c..H.........
.......%....................
.f...............(..........
f................(.......#..
...........##............#
#..........##..(#..#.....#
##.....##......(##.#......<
####..###......@##########
#..# #..#....#
##.##..###...#
#......##....#
#............#
#..<.#.......#
#............#
#.)..........#
#.)).........#


You could see a centaur.

Vanquished Creatures
  The ghost of Dalarin the Archer, an experienced CeHu (D:5)
  A hill giant zombie (D:6)
  2 hill giant skeletons (D:8)
  The ghost of Gabry the Covered, an average MiFi (D:4)
  Eustachio (D:5)
  A hungry ghost (D:8)
  A cyclops skeleton (D:7)
  An orc warrior (D:6)
  A hippogriff zombie (D:6)
  2 phantoms
  2 ogres (D:8)
  An ice beast (D:7)
  2 centaurs
  A crocodile (D:7)
  3 giant frogs
  A giant frog skeleton (D:7)
  A water moccasin (D:8)
  Blork the orc (D:4)
  4 wights (D:8)
  6 crimson imps
  An iron imp (D:5)
  An ogre skeleton (D:6)
  2 scorpions (D:7)
  5 hounds
  5 orc priests
  An iguana (D:7)
  9 orc wizards
  A jelly (D:8)
  13 adders
  2 adder zombies
  An inept feature mimic (D:3)
  An adder skeleton (D:6)
  An iguana skeleton (D:4)
  3 worms
  4 giant geckos
  26 orcs
  8 bats
  3 giant cockroaches
  10 goblins
  10 hobgoblins
  3 jackals (D:4)
  2 quokkas
  8 giant newts
  A giant spore (D:9)
  10 kobolds
  45 rats
  A rat skeleton (D:4)
  A ballistomycete (D:9)
  A fungus (D:6)
213 creatures vanquished.

Vanquished Creatures (others)
  3 orcs
  A hobgoblin (D:5)
  A jackal (D:4)
  A goblin (D:4)
6 creatures vanquished.

Grand Total: 219 creatures vanquished

Notes
Turn   | Place    | Note
--------------------------------------------------------------
     0 | D:1      | Gabry, the Minotaur Fighter, began the quest for the Orb.
     0 | D:1      | Reached XP level 1. HP: 19/19 MP: 0/0
   182 | D:1      | Reached skill level 4 in Fighting
   202 | D:1      | Reached XP level 2. HP: 24/27 MP: 0/0
   706 | D:2      | Reached XP level 3. HP: 23/33 MP: 1/1
  1240 | D:3      | Reached XP level 4. HP: 40/40 MP: 1/1
  1249 | D:3      | Reached skill level 1 in Dodging
  1967 | D:4      | Reached XP level 5. HP: 46/46 MP: 1/1
  2126 | D:4      | Noticed Gabry's ghost (average MiFi)
  2506 | D:4      | Killed Gabry's ghost
  2506 | D:4      | Reached skill level 5 in Shields
  2506 | D:4      | Reached skill level 1 in Traps
  2506 | D:4      | Reached XP level 6. HP: 20/53 MP: 2/2
  2654 | D:4      | Noticed a phantom
  3007 | D:3      | Killed a phantom
  3007 | D:3      | Reached skill level 5 in Fighting
  3128 | D:4      | Noticed Blork the orc
  3135 | D:4      | Killed Blork the orc
  3237 | D:5      | Entered Level 5 of the Dungeon
  3317 | D:5      | Reached XP level 7. HP: 60/60 MP: 2/2
  3541 | D:5      | Noticed Dalarin's ghost (experienced CeHu)
  3590 | D:5      | Killed Dalarin's ghost
  3590 | D:5      | Reached skill level 5 in Maces & Flails
  3590 | D:5      | Reached skill level 5 in Armour
  3590 | D:5      | Reached skill level 5 in Dodging
  3590 | D:5      | Reached skill level 6 in Shields
  3590 | D:5      | Reached XP level 8. HP: 31/68 MP: 2/2
  3868 | D:5      | Noticed Eustachio
  3879 | D:5      | Killed Eustachio
  3879 | D:5      | Reached skill level 1 in Stealth
  4702 | D:6      | Noticed an oklob plant
  4738 | D:6      | Found an iron altar of Okawaru.
  4749 | D:6      | Became a worshipper of Warmaster Okawaru
  4764 | D:6      | Found Woremes' Antique Armour Emporium.
  5177 | D:6      | Reached skill level 7 in Shields
  6118 | D:6      | Bought a pair of glowing dwarven gloves for 40 gold pieces
  6119 | D:6      | negozio con shield of resistance
  6149 | D:6      | Reached XP level 9. HP: 69/74 MP: 3/3
  6170 | D:6      | Found a glowing golden altar of the Shining One.
  6439 | D:6      | Found a staircase to the Ecumenical Temple.
  6449 | Temple   | Entered the Ecumenical Temple
  6628 | D:6      | Found a basalt altar of Yredelemnul.
  6704 | D:7      | Found a shimmering altar of Xom.
  6787 | D:7      | Acquired Okawaru's first power
  7157 | D:7      | Reached skill level 8 in Shields
  7252 | D:7      | Found a shattered altar of Ashenzari.
  8006 | D:8      | Found a bloodstained altar of Trog.
  8078 | D:8      | Reached skill level 9 in Shields
  8182 | D:8      | Found a staircase to the Orcish Mines.
  8189 | D:8      | Reached XP level 10. HP: 82/82 MP: 3/3
  8370 | D:8      | Gained mutation: You are surrounded by a mild repulsion field (EV +2). [potion of mutation]
  8370 | D:8      | Gained mutation: You digest meat inefficiently. [potion of mutation]
  8370 | D:8      | Gained mutation: You are clumsy (Dex -1). [potion of mutation]
  8455 | D:8      | Reached XP level 9. HP: 66/75 MP: 2/3
  8693 | D:9      | Identified a scroll of acquirement
  8725 | D:9      | Noticed Joseph
  8737 | D:9      | Noticed Gastronok
  8738 | D:9      | HP: 2/75 [Joseph/ stone (14)]
  8756 | D:9      | HP: 2/75 [something (2)]
  8756 | D:9      | Slain by a sky beast

Action                   |  1- 3 |  4- 6 |  7- 9 | 10-12 || total
-------------------------+-------+-------+-------+-------++-------
Melee: Mace              |    95 |   136 |       |       ||   231
       Whip              |       |    91 |   423 |     1 ||   515
       Morningstar       |       |       |    13 |       ||    13
Evoke: Wand              |       |       |     5 |       ||     5
  Use: Scroll            |       |     1 |    19 |     2 ||    22
       Potion            |       |       |     6 |     6 ||    12
 Stab: Distracted        |       |       |     1 |       ||     1
       Sleeping          |       |       |     1 |       ||     1
